 Dungeon Crawl Stone Soup version 0.27-a0-998-g4cfe56dd59 (webtiles) character file.

Game seed: 1839952269163573795

126 voltaire321 the Insei (level 5, -1/34 HPs)
             Began as an Octopode Transmuter on Apr 15, 2021.
             Slain by a black bear (5 damage)
             ... on level 3 of the Dungeon on Apr 16, 2021.
             The game lasted 00:11:26 (4384 turns).

voltaire321 the Insei (Octopode Transmuter)         Turns: 4384, Time: 00:11:27

Health: -1/34      AC:  1    Str:  6 (7)  XL:     5   Next: 10%
Magic:  7/8        EV: 13    Int: 16      God:
Gold:   93         SH:  0    Dex: 10 (13) Spells: 4/9 levels left

rFire    + . .     SeeInvis .     - Unarmed
rCold    . . .     Faith    .   (no shield)
rNeg     . . .     Spirit   .   (helmet currently unavailable)
rPois    .         Reflect  .   (no amulet)
rElec    .         Harm     .   (no ring)
rCorr    .         Rampage  .   (no ring)
Will     .....                  (no ring)
Stlth    ++........             (no ring)
HPRegen  0.11/turn              (no ring)
MPRegen  0.11/turn              (no ring)
                                (no ring)
                                (no ring)

@: appendages
A: tentacle spike 3, almost no armour, amphibious, 8 rings, camouflage 1,
gelatinous body 1, (nimble swimmer 1), tentacles, fire resistance 1, weak 1
a: End Transformation


You were on level 3 of the Dungeon.
One of your tentacles had grown a beastly spike.
You visited 1 branch of the dungeon, and saw 4 of its levels.

You collected 93 gold pieces.

Inventory:

Missiles
 f - 5 javelins
Scrolls
 a - a scroll of torment {unknown}
 b - 2 scrolls of noise {unknown}
 c - 2 scrolls of blinking {unknown}
 d - 4 scrolls of identify {unknown}
 g - a scroll of fog {unknown}
 i - 2 scrolls of amnesia {unknown}
 k - a scroll of vulnerability {unknown}
 l - a scroll of enchant weapon {unknown}
Potions
 e - a potion of curing {unknown}
 j - a potion of heal wounds {unknown}
 m - a potion of lignification


   Skills:
 + Level 2.0 Fighting
 + Level 2.5 Dodging
 + Level 3.6 Unarmed Combat
 + Level 2.5 Spellcasting
 + Level 1.1 Necromancy
 + Level 2.9 Transmutations
 + Level 1.2 Poison Magic


You had 4 spell levels left.
You knew the following spells:

 Your Spells              Type           Power      Damage    Failure   Level
a - Beastly Appendage     Tmut           22%        N/A       6%          1
b - Animate Skeleton      Necr           10%        N/A       12%         1
c - Spider Form           Tmut/Pois      4%         N/A       26%         3

Your spell library contained the following spells:

 Spells                   Type           Power      Damage    Failure   Level
 Wereblood                Tmut           11%        N/A       9%          2
 Pain                     Necr           20%        1d5       12%         1
 Apportation              Tloc           4%         N/A       21%         1
 Corona                   Hex            2%         N/A       21%         1
 Summon Small Mammal      Summ           8%         N/A       21%         1
 Vampiric Draining        Necr           2%         2d6       36%         3
 Ice Form                 Ice/Tmut       6%         N/A       71%         4
 Animate Dead             Necr           2%         N/A       77%         4
 Hydra Form               Tmut           5%         N/A       86%         5
 Agony                    Necr           5%         N/A       98%         5


Dungeon Overview and Level Annotations

Branches:
Dungeon (4/15)
 Temple: D:4-7

Altars:
Fedhas
Hepliaklqana


Innate Abilities, Weirdness & Mutations

One of your tentacles has grown a beastly spike.
You cannot wear most types of armour.
You are amphibious.
You can wear up to eight rings at the same time.
Your skin changes colour to match your surroundings (Stealth+).
Your rubbery body absorbs attacks. (AC +1, EV +1)
((You are camouflaged near water. (Stealth+)))
You have tentacles for arms and can constrict up to eight enemies at once.
Your flesh is heat resistant. (rF+)
You are weak. (Str -2)


Message History

Found a plate armour.
You tentacle-slap the adder. You grab the adder.
The adder is heavily wounded.
You constrict the adder. The adder closely misses you.
You tentacle-slap the adder.
Your tentacle spike misses the adder.
You squeeze the adder.
The adder is almost dead.
You constrict the adder. The adder misses you.
You tentacle-slap the adder.
You kill the adder!
You feel your strength returning.
Your magical contamination has completely faded away.
Your transformation is almost over.
A hobgoblin comes into view.
The hobgoblin shouts!
Your tentacle spike disappears.
There is a stone staircase leading up here.
The black bear bites you. The black bear claws you.
The black bear barely misses you.
You climb upwards.
There is a stone staircase leading down here.
Casting: Beastly Appendage (safe; 6% risk of failure)
Confirm with . or Enter, or press ? or * to list all spells.
One of your tentacles grows a vicious spike.
The black bear bites you. The black bear claws you. x2
You closely miss the black bear. You grab the black bear.
You constrict the black bear. The black bear barely misses you.
The black bear claws you.
* * * LOW HITPOINT WARNING * * *
The black bear completely misses you.
You tentacle-slap the black bear. x2
The black bear is moderately wounded.
You constrict the black bear. The black bear closely misses you.
The black bear barely misses you. x2
You tentacle-slap the black bear.
You pierce the black bear.
The black bear is heavily wounded.
You constrict the black bear. The black bear bites you.
* * * LOW HITPOINT WARNING * * *
The black bear claws you.
You die...

###.# #.#####.### #.....#######
##.# #........# #....(.......
#..# ######...# #.......#####
#.## #...# #.....#.# ##.# #...#
#.....#.### .#.# #...#
###.......### ..># #...#
#..........
...#########...########..##.#....
...##.....[.....@.....#..##.#....
.#.........[....h)[....#.........
##..#.................#..##.#....
##..########...######.##.##.#....
....# #^..# #.##......... ###.#
#...# #.##.##.##### # #.# #...#
#.#.......##. # #.# #...#
#.......#.##. ###.###### #...##
##.###.##.##.


You could see a black bear.

Vanquished Creatures
  4 adders
  3 dart slugs (D:1)
  6 orcs
  7 ball pythons
  6 bats
  6 endoplasms
  2 giant cockroaches
  6 goblins
  5 hobgoblins
  10 jackals
  4 quokkas (D:1)
  4 frilled lizards
  4 kobolds
  2 rats (D:1)
69 creatures vanquished.

Notes
Turn   | Place    | Note
-------+----------+-------------------------------------------
     0 | D:1      | voltaire321 the Octopode Transmuter began the quest for the
                  | Orb.
     0 | D:1      | Reached XP level 1. HP: 13/13 MP: 3/3
   266 | D:1      | Learned a level 1 spell: Animate Skeleton
   286 | D:1      | Reached XP level 2. HP: 11/18 MP: 3/5
   950 | D:1      | Reached XP level 3. HP: 20/23 MP: 4/6
   992 | D:1      | Learned a level 3 spell: Spider Form
  1258 | D:1      | Found a faded altar of an unknown god.
  1893 | D:2      | Reached XP level 4. HP: 16/29 MP: 5/7
  2253 | D:2      | Upgraded the game from 0.27-a0-988-g25969acef8 to
                  | 0.27-a0-998-g4cfe56dd59
  2872 | D:3      | HP: 1/29 [jackal (3)]
  2874 | D:3      | Gained mutation: You are weak. (Str -2) [potion of
                  | mutation]
  2874 | D:3      | Gained mutation: Your flesh is heat resistant. (rF+)
                  | [potion of mutation]
  3800 | D:3      | Reached skill level 1 in Poison Magic
  3897 | D:3      | Reached skill level 1 in Necromancy
  4135 | D:4      | Reached XP level 5. HP: 17/34 MP: 8/8
  4338 | D:4      | Found a blossoming altar of Fedhas.
  4338 | D:4      | Noticed a black bear
  4342 | D:4      | Found a hazy altar of Hepliaklqana.
  4384 | D:3      | Slain by a black bear

Illustrated notes

Levels and vault maps discovered:
D:1:      giann_forest_graveyard, layout_basic,
          shapermc_ecumenical_altar_mp_highgroup
D:2:      layout_basic, minmay_heptomino_l4
D:3:      layout_loops_cross
D:4:      layout_rooms, grunt_temple_overflow_open

Skill      XL: |  1  2  3  4 |
---------------+-------------+-----
Poison Magic   | 1 |  1.2
Necromancy     | 1 |  1.1
Fighting       | 2 |  2.0
Dodging        | |  2.5
Unarmed Combat | |  3.6
Spellcasting   | |  2.5
Transmutations | |  2.9

Action                   |  1- 3 |  4- 6 || total
-------------------------+-------+-------++-------
Melee: Unarmed           |    82 |   100 ||   182
       Kick              |    24 |    23 ||    47
       Constrict         |    24 |    21 ||    45
       Tentacles         |    12 |     6 ||    18
       Punch             |     2 |     2 ||     4
 Cast: Beastly Appendage |    24 |    19 ||    43
       Animate Skeleton  |     2 |       ||     2
  Use: Potion            |       |     3 ||     3
 Stab: Sleeping          |     4 |     1 ||     5
Armor: Skin              |     9 |    20 ||    29
Dodge: Dodged            |    47 |    74 ||   121

Table legend: (Time is in decaauts)
 A = Elapsed time spent in this place.
 B = Non-inter-level travel time spent in this place.
 C = Inter-level travel time spent in this place.
 D = Time resting spent in this place.
 E = Time spent auto-exploring this place.
 F = Levels seen in this place.
 G = Mean time per level.
                   A        B        C        D        E       F      G
               +--------+--------+--------+--------+--------+-----+--------+
         Total |   4372 |   4280 |     92 |   1401 |   2125 |   4 | 1093.0 |
       Dungeon |   4372 |   4280 |     92 |   1401 |   2125 |   4 | 1093.0 |
               +--------+--------+--------+--------+--------+-----+--------+

Top non-repeatable levels by time:
     D:1: 1656 daAuts
     D:3: 1332 daAuts
     D:2: 1122 daAuts
     D:4: 260 daAuts
